 Dungeon Crawl Stone Soup version 0.28-a0-529-g3bad584f25 (webtiles) character file.

Game seed: 13640073498485755724

1873 varam the Covert (level 8, -32/39 HPs)
             Began as a Spriggan Enchanter on Sept 24, 2021.
             Was a Follower of Uskayaw.
             Annihilated by a boulder beetle (39 damage)
             ... on level 7 of the Dungeon.
             The game lasted 00:29:06 (8823 turns).

varam the Covert (Spriggan Enchanter)               Turns: 8823, Time: 00:29:07

Health: -32/39     AC:  5    Str: 11    XL:     8   Next: 91%
Magic:  15/15      EV: 23    Int: 18    God:    Uskayaw [*.....]
Gold:   1446       SH:  0    Dex: 15    Spells: 7/15 levels left

rFire   . . .      SeeInvis +   w - +2 spear (flame)
rCold   . . .      Faith    .   (shield restricted)
rNeg    . . .      Spirit   .   e - +2 robe {Will+}
rPois   .          Reflect  .   (helmet restricted)
rElec   .          Harm     .   m - +0 cloak
rCorr   .          Rampage  .   (gloves unavailable)
Will    ++...                   (boots unavailable)
Stlth   ++++......              (no amulet)
HPRegen 0.13/turn               t - +6 ring of strength
MPRegen 0.14/turn               l - +4 ring of evasion

@: very quick
A: very small, no large weapons, unfitting armour, see invisible, speed 3
a: Renounce Religion, Stomp


You were on level 7 of the Dungeon.
You worshipped Uskayaw.
Uskayaw was noncommittal.
You visited 2 branches of the dungeon, and saw 8 of its levels.
You also visited: Ossuary.

You collected 1446 gold pieces.

Inventory:

Hand Weapons
 a - a +1 dagger
 c - a +0 dagger of speed
   (You took it off an orc priest on level 6 of the Dungeon)
 w - a +2 spear of flaming (weapon)
   (You took it off a gnoll on level 6 of the Dungeon)
 x - a +0 rapier
   (You took it off Eustachio on level 6 of the Dungeon)
 H - a +0 hunting sling
   (You found it on level 6 of the Dungeon)
 I - a +0 shortbow
   (You took it off a centaur on level 6 of the Dungeon)
Missiles
 o - 11 stones
 A - 18 poisoned darts (quivered)
 L - a throwing net
Armour
 b - a +0 robe
 e - a +2 robe of willpower (worn)
   (You found it on level 1 of the Dungeon)
 m - a +0 cloak (worn)
   (You found it on level 3 of the Dungeon)
Jewellery
 l - a +4 ring of evasion (right hand)
   (You found it on level 3 of the Dungeon)
 t - a +6 ring of strength (left hand)
   (You found it on level 4 of the Dungeon)
Wands
 u - a wand of polymorph (3)
   (You found it on level 4 of the Dungeon)
 v - a wand of digging (8)
   (You found it on level 6 of the Dungeon)
Scrolls
 f - 2 scrolls of silence {unknown}
 g - a scroll of noise
 h - a scroll of brand weapon
 j - a scroll of teleportation {unknown}
 k - 3 scrolls of amnesia
 n - a scroll of magic mapping
 p - a scroll of enchant armour
 z - a scroll of fear {unknown}
 E - a scroll of fog {unknown}
 M - a scroll of immolation {unknown}
Potions
 d - a potion of might
 i - 2 potions of lignification
 q - 4 potions of curing
 s - a potion of cancellation
 y - 2 potions of mutation
 B - a potion of attraction {unknown}
 C - 2 potions of flight
 D - a potion of haste {unknown}
 F - a potion of resistance {unknown}
 G - a potion of invisibility
 J - 2 potions of brilliance {unknown}
 K - a potion of heal wounds {unknown}


   Skills:
 + Level 2.2 Fighting
 - Level 5.0 Short Blades
 - Level 0.8 Throwing
 + Level 4.8 Dodging
 - Level 8.4 Stealth
 - Level 4.4 Spellcasting
 + Level 3.5 Conjurations
 - Level 8.1 Hexes


You had 7 spell levels left.
You knew the following spells:

 Your Spells              Type           Power      Damage    Failure   Level
a - Ensorcelled Hibernat  Hex/Ice        36%        N/A       4%          2
b - Dazzling Flash        Conj/Hex       50%        N/A       3%          3
c - Tukima's Dance        Hex            33%        N/A       1%          3

Your spell library contained the following spells:

 Spells                   Type           Power      Damage    Failure   Level
 Confusing Touch          Hex            33%        N/A       1%          3
 Summon Guardian Golem    Hex/Summ       18%        N/A       8%          3
 Sandblast                Erth           6%         2d5       14%         1
 Sting                    Tmut/Pois      12%        1d3       14%         1
 Summon Small Mammal      Summ           12%        N/A       14%         1
 Stone Arrow              Conj/Erth      20%        3d8       21%         3
 Passwall                 Tmut/Erth      2%         N/A       22%         2
 Poisonous Vapours        Pois/Air       6%         N/A       22%         2
 Call Canine Familiar     Summ           3%         N/A       38%         3
 Olgreb's Toxic Radiance  Pois           3%         N/A       80%         4


Dungeon Overview and Level Annotations

Branches:
Dungeon (7/15)             Temple (1/1) D:5         Ossuary (visited)

Altars:
Ashenzari
Cheibriados
Dithmenos
Elyvilon
Fedhas
Gozag
Hepliaklqana
Kikubaaqudgha
Makhleb
Nemelex Xobeh
Okawaru
Qazlal
Ru
Sif Muna
Trog
Uskayaw
Vehumet
Wu Jian
Zin
The Shining One

Shops:
D:6 :

Annotations:
D:7 Menkaure


Innate Abilities, Weirdness & Mutations

You are very small and have problems with some larger weapons.
You are too small for most types of armour.
You have supernaturally acute eyesight. (SInv)
You cover ground extremely quickly. (Speed+++)


Message History

The poisoned dart hits the boulder beetle.
The boulder beetle is lightly wounded.
Throw: 21 darts (poison)
Press: ? - help, Q - select action, (/) - cycle Shift-Dir - straight line, f/p - boulder beetle
Aim: a boulder beetle (lightly wounded, rolling, very poisoned, 89% to hit)
You throw a poisoned dart.
The poisoned dart hits the boulder beetle.
The boulder beetle looks even sicker.
The boulder beetle is lightly wounded.
The boulder beetle hits you!!!
Ouch! That really hurt!
* * * LOW HITPOINT WARNING * * *
The boulder beetle stops rolling and uncurls.
The boulder beetle curls into a ball and begins rolling!
The boulder beetle completely misses you.
The boulder beetle stops rolling and uncurls.
The boulder beetle curls into a ball and begins rolling!
Found a stone staircase leading down.
Found 14 gold pieces.
The boulder beetle looks more healthy.
Throw: 20 darts (poison)
Press: ? - help, Q - select action, (/) - cycle Shift-Dir - straight line, f/p - boulder beetle
Aim: a boulder beetle (severely wounded, rolling, 89% to hit)
You throw a poisoned dart.
The poisoned dart hits the boulder beetle.
The boulder beetle is poisoned.
The boulder beetle is severely wounded.
The boulder beetle misses you.
The boulder beetle stops rolling and uncurls.
The boulder beetle curls into a ball and begins rolling!
Throw: 19 darts (poison)
Press: ? - help, Q - select action, (/) - cycle Shift-Dir - straight line, f/p - boulder beetle
Aim: a boulder beetle (severely wounded, rolling, poisoned, 89% to hit)
You throw a poisoned dart.
The poisoned dart hits the boulder beetle.
The boulder beetle looks even sicker.
The boulder beetle is severely wounded.
You swing at nothing.
The boulder beetle hits you!!!
Ouch! That really hurt!
You die...

#..........#.
#..........'
#.....Z....#
#..........#
#..........#
#..........# '##
#..........# ...
#......@...# ....
#......B...#.$...
#......○...#....
#......°...'....
#..........#...
#..........# ..
#........(.# #
#.....>....#
#..........#


You could see a boulder beetle (rolling, very poisoned) and a centaur skeleton.

Vanquished Creatures
  Eustachio (D:6)
  An acid dragon (D:5)
  2 sky beasts
  2 black bears (D:5)
  2 ogres
  2 centaurs (D:6)
  A bullfrog (D:7)
  A scorpion (D:5)
  A howler monkey (D:5)
  2 centaur zombies
  A hound (D:5)
  3 orc priests
  2 centaur skeletons
  4 iguanas
  3 orc wizards
  A scorpion zombie (D:5)
  A hound zombie (D:5)
  A hound skeleton (D:5)
  12 mummies (Ossuary)
  2 adders
  5 gnolls (D:6)
  A shadow imp (D:6)
  A white imp (D:7)
  An ufetubus (D:6)
  2 worms
  3 dart slugs
  14 orcs
  5 ball pythons
  4 bats
  4 endoplasms
  3 giant cockroaches
  7 goblins
  8 hobgoblins
  4 jackals (D:3)
  3 quokkas
  8 frilled lizards
  4 gnoll skeletons (Ossuary)
  4 goblin skeletons (Ossuary)
  7 kobolds
  7 rats
  11 rat skeletons (Ossuary)
151 creatures vanquished.

Vanquished Creatures (others)
  An orc (D:6)
  7 plants (D:5)
8 creatures vanquished.

Grand Total: 159 creatures vanquished

Notes
Turn   | Place    | Note
-------+----------+-------------------------------------------
     0 | D:1      | varam the Spriggan Enchanter began the quest for the Orb.
     0 | D:1      | Reached XP level 1. HP: 9/9 MP: 5/5
   127 | D:1      | Found a faded altar of an unknown god.
   190 | D:1      | Reached XP level 2. HP: 13/13 MP: 6/6
   215 | D:1      | Reached skill level 5 in Stealth
  1062 | D:2      | Learned a level 2 spell: Ensorcelled Hibernation
  1067 | D:2      | Reached XP level 3. HP: 16/16 MP: 2/8
  2853 | D:3      | Reached XP level 4. HP: 21/21 MP: 2/9
  2948 | D:3      | Found a stormy altar of Qazlal.
  3289 | D:4      | Found a blossoming altar of Fedhas.
  3289 | D:4      | Found an ornate altar of the Wu Jian Council.
  3619 | D:4      | Noticed a necrophage
  3778 | D:4      | Found a sparkling altar of Nemelex Xobeh.
  4034 | D:5      | Entered Level 5 of the Dungeon
  4034 | D:5      | Noticed a water moccasin
  4041 | D:5      | Reached XP level 5. HP: 24/24 MP: 5/10
  4059 | D:4      | Noticed a sky beast
  4059 | D:4      | a water moccasin changed into a sky beast
  4081 | D:4      | Killed a sky beast
  4442 | D:5      | Reached XP level 6. HP: 14/28 MP: 2/11
  4674 | D:6      | Reached skill level 5 in Short Blades
  4792 | D:6      | Found Necuto's Book Shoppe.
  4868 | D:6      | Found a hide-covered altar of Uskayaw.
  4870 | D:6      | Noticed Eustachio
  4880 | D:6      | Became a worshipper of Uskayaw the Reveller
  4928 | D:6      | Found an iron altar of Okawaru.
  4945 | D:6      | Killed Eustachio
  4945 | D:6      | Reached * piety under Uskayaw
  4946 | D:6      | Reached skill level 5 in Hexes
  4946 | D:6      | Reached XP level 7. HP: 25/32 MP: 5/13
  4959 | D:6      | Reached ** piety under Uskayaw
  4975 | D:6      | Reached *** piety under Uskayaw
  5377 | D:6      | Found a sand-covered staircase.
  5381 | Ossuary  | Entered an ossuary
  5580 | Ossuary  | Learned a level 3 spell: Dazzling Flash
  6164 | Ossuary  | Reached skill level 1 in Conjurations
  6531 | D:6      | Reached XP level 8. HP: 29/36 MP: 15/15
  6535 | D:6      | Learned a level 3 spell: Tukima's Dance
  7564 | D:5      | Found a shadowy altar of Dithmenos.
  7712 | D:5      | Reached skill level 1 in Fighting
  8223 | D:5      | Found a staircase to the Ecumenical Temple.
  8232 | Temple   | Entered the Ecumenical Temple
  8428 | D:7      | Identified a scroll of acquirement
  8429 | D:7      | Acquired 1119 gold pieces
  8480 | D:7      | Noticed Menkaure
  8771 | D:7      | Noticed a boulder beetle
  8823 | D:7      | Annihilated by a boulder beetle

Illustrated notes

Levels and vault maps discovered:
D:1:      mrwooster_arrival_arrow, layout_loops_ring,
          ebering_ecumenical_altar_sacrificial, serial_rivers,
          chequers_serial_rivers_large_a, chequers_serial_rivers_small_3,
          chequers_serial_rivers_small_3, chequers_serial_rivers_room_b,
          wad_floor_pattern_1, amcnicky_mini_corridor_feature
D:2:      layout_loops_cross
D:3:      layout_rooms, mainiacjoe_overflow_small_starburst
D:4:      layout_basic, gammafunk_temple_overflow_wave,
          mainiacjoe_overflow_catwalk
D:5:      minmay_recursive_quarters, layout_rooms,
          nicolae_dithmenos_the_darkroom, minmay_temple_entry_enclosed_plants,
          serial_bayou_pond_c, hangedman_decor_peaks_small,
          small_statue_intersection
D:6:      layout_basic, old_standard_altar, okawaru_altar_gauntlet_db,
          enter_ossuary_5, skrybe_limestone_x, serial_bayou_pond_d,
          nicolae_take_the_stairs, kennysheep_generic_room_10, uniq_eustachio
D:7:      layout_gridville, serial_shops, shop, nicolae_shop_behind_doors, shop,
          nicolae_shop_window_shopping, minivault_22, uniq_menkaure,
          uniq_prince_ribbit1
Temple:   cyrus_circular_temple

Skill      XL: |  1  2  3  4  5  6  7  8 |
---------------+-------------------------+-----
Stealth        | 5 6 7 8 |  8.4
Short Blades   | 2 3 4 5 |  5.0
Spellcasting   | 3 4 |  4.4
Hexes          | 5 7 8 |  8.1
Conjurations   | 1 3 |  3.5
Dodging        | 4 |  4.8
Fighting       | 2 |  2.2
Throwing       | |  0.8

Action                   |  1- 3 |  4- 6 |  7- 9 || total
-------------------------+-------+-------+-------++-------
Melee: Dagger            |   193 |   173 |   165 ||   531
       Spear             |       |       |   167 ||   167
Throw: Dart              |       |       |    75 ||    75
 Cast: Ensorcelled Hiber |     9 |    28 |    17 ||    54
       Tukima's Dance    |       |       |     2 ||     2
       Dazzling Flash    |       |       |     1 ||     1
Evoke: Wand              |       |     5 |       ||     5
  Use: Potion            |     1 |       |     2 ||     3
       Scroll            |       |       |    12 ||    12
 Stab: Sleeping          |    20 |    15 |    21 ||    56
       Invisible         |       |       |     3 ||     3
       Paralysed         |       |       |     3 ||     3
Armor: Robe              |    25 |    12 |    42 ||    79
Dodge: Dodged            |   135 |   121 |   227 ||   483

Table legend: (Time is in decaauts)
 A = Elapsed time spent in this place.
 B = Non-inter-level travel time spent in this place.
 C = Inter-level travel time spent in this place.
 D = Time resting spent in this place.
 E = Time spent auto-exploring this place.
 F = Levels seen in this place.
 G = Mean time per level.
                   A        B        C        D        E       F      G
               +--------+--------+--------+--------+--------+-----+--------+
         Total |   6861 |   6670 |    191 |   1059 |   3504 |   9 |  762.3 |
       Dungeon |   6122 |   5931 |    191 |    792 |   3346 |   7 |  874.6 |
        Temple |     34 |     34 |      0 |      0 |     22 |   1 |   34.0 |
       Ossuary |    704 |    704 |      0 |    267 |    134 |   1 |  704.0 |
               +--------+--------+--------+--------+--------+-----+--------+

Top non-repeatable levels by time:
     D:6: 1463 daAuts
     D:4: 1168 daAuts
     D:5: 1003 daAuts
     D:3: 967 daAuts
 Ossuary: 704 daAuts
     D:1: 622 daAuts
     D:2: 562 daAuts
     D:7: 335 daAuts
  Temple: 34 daAuts
